AoeStats
← Forbrave

Arena

509463227Analyzed
1v1 RM · 5d ago on Sep 26, 2026· 40m 4s· 2 players
Game mode
Random Map
Map size
Tiny (2 player)
Population
200
Speed
Normal
Resources
Standard
Victory
Conquest
Starting age
Dark Age
Ending age
Imperial Age
RankedLock teamsTeams togetherTeam positionsShared explorationLock speedFull tech treeHidden civsTurbo modeCheats
Victory
Defeat
🇹🇷 Goths · Türkiye
460
+13
🇳🇱 Persians · Netherlands
401
-13
`Indigo|HvZ
1:39 Loom
7:38 Loom
10:48 Feudal Age
11:11 Horse Collar
11:20 Double-Bit Axe
18:36 Castle Age
17:26 Stone Mining
19:12 Bow Saw
19:03 Heavy Plow
21:50 Fletching
27:14 Forging
29:43 Herbal Medicine
29:52 Bodkin Arrow
37:43 Imperial Age
37:59 Iron Casting
37:34 Scale Barding Armor
Forbrave
11:43 Feudal Age
9:58 Loom
14:44 Horse Collar
22:55 Castle Age
22:31 Scale Mail Armor
29:31 Imperial Age
31:52 Wheelbarrow
31:05 Double-Bit Axe
35:08 Anarchy
35:08 Gold Mining
37:10 Perfusion
37:21 Pikeman
39:13 Heavy Plow
Connection lost

Rejoining the realm…

Still unreachable

The connection could not be restored.

Session expired

The server has moved on; the page needs a fresh start.